 Dungeon Sprint DCSS version 0.21.0-24-g2553a33 (webtiles) character file.

98950 letownia2 the Wrestler (level 15, -7/171 HPs)
             Began as a Troll Wizard on Jan 20, 2018.
             Was an Initiate of Gozag.
             Mangled by an Executioner (17 damage)
             ... summoned by Gloorx Vloq
             ... in the Dungeon (Sprint II: "The Violet Keep of Menkaure").
             The game lasted 00:54:58 (5515 turns).

letownia2 the Wrestler (Troll Wizard)               Turns: 5515, Time: 00:54:58

Health: -7/171     AC: 20    Str: 24    XL:     15   Next: 76%
Magic:  12/20      EV: 16    Int: 31    God:    Gozag
Gold:   1963       SH: 22    Dex: 13    Spells: 1/20 levels left

rFire    + + .     SeeInvis +     - Unarmed
rCold    + + +     Gourm    +   l - +2 large shield {rC+ rF+}
rNeg     + + .     Faith    .   V - +1 ice dragon scales of Conscience {rF- rC++ Int+6}
rPois    +         Spirit   .   o - +2 hat {SInv}
rElec    +         Reflect  .   s - scarf {rC+ rF+}
rCorr    +         Harm     .   (gloves unavailable)
MR       ++...     NoTele   +   (boots unavailable)
Stlth    ++........             z - macabre finger necklace {rN+}
HPRegen  0.78/turn              m - ring of wizardry
MPRegen  0.17/turn              f - ring of the Everdark {rElec rPois MR+ Stlth+}
                                H - ring of Ekoarikk {rN+ Int+3}

@: mighty, brilliant, agile, resistant, berserk cooldown, very slightly
contaminated, hasted and slowed
A: large, unfitting armour, antennae 1, claws 3, hooves 1, fast metabolism 3,
gourmand, high mp 1, regeneration 1, shaggy fur 1, tough skin 2, weak 1
a: Potion Petition, Call Merchant, Bribe Branch, Renounce Religion


You were in the Dungeon.
You worshipped Gozag.
Gozag was most pleased with you.
You were hungry.

You visited 1 branch You collected 18816 gold pieces.
You spent 3429 gold pieces at shops.
You paid 13424 gold pieces to Gozag.

Inventory:

Hand Weapons
 c - a +10 blowgun
 E - the +1 morningstar "Kius Xown" {crush, +Rage rF+ Dex-5}
   (You found it in the Dungeon)

   It inflicts extra damage upon your enemies.
   It affects your dexterity (-5).
   It protects you from fire.
   It lets you go berserk.
 Z - the +2 hunting sling "Cono" {venom, rN+ Str+6 Int+3 Stlth-}
   (You took it off an orc priest in the Dungeon)

   It poisons the ammo it fires.
   It affects your strength (+6).
   It affects your intelligence (+3).
   It protects you from negative energy.
   It makes you less stealthy.
Missiles
 g - 10 curare-tipped needles
 F - a throwing net (quivered)
Armour
 b - +1 storm dragon scales
 l - a +2 large shield of resistance (worn)
 o - a +2 hat of see invisible (worn)
 s - a scarf of resistance (worn)
 B - the +2 cloak "Fiturou" {rElec rF- MR+ Regen+}
   (You acquired it in the Dungeon)

   It makes you vulnerable to fire.
   It insulates you from electricity.
   It affects your resistance to hostile enchantments.
   It increases your rate of regeneration.
 R - a +2 large shield of protection
 V - the +1 ice dragon scales of Conscience (worn) {rF- rC++ Int+6}
   (You found it in the Dungeon)

   It affects your intelligence (+6).
   It makes you vulnerable to fire.
   It greatly protects you from cold.
Magical Staves
 K - an uncursed staff of death
 L - an uncursed staff of cold
 N - an uncursed staff of air
Jewellery
 f - the ring of the Everdark (right claw) {rElec rPois MR+ Stlth+}
   (You bought it in a shop in the Dungeon)

   [ring of protection from magic]

   It insulates you from electricity.
   It protects you from poison.
   It affects your resistance to hostile enchantments.
   It makes you more stealthy.
 i - the ring "Wibium" {rElec rPois MR+ SInv}
   (You found it in the Dungeon)

   [ring of protection from magic]

   It insulates you from electricity.
   It protects you from poison.
   It affects your resistance to hostile enchantments.
   It lets you see invisible.
 m - a ring of wizardry (left claw)
 r - the ring of the Six Seas {MR+ MP+9 Dex+4}
   (You acquired it in the Dungeon)

   [ring of magical power]

   It affects your dexterity (+4).
   It affects your resistance to hostile enchantments.
   It affects your magic capacity (+9).
 z - the macabre finger necklace (around neck) {rN+}
   (You found it in the Dungeon)

   [amulet of nothing]

   It protects you from negative energy.
 C - the ring of Hadam {Fire Str+4 Dex+5}
   (You found it in the Dungeon)

   [ring of fire]

   It enhances your fire magic.
   It affects your strength (+4).
   It affects your dexterity (+5).
   It protects you from fire.
   It makes you vulnerable to cold.
 H - the ring of Ekoarikk (on amulet) {rN+ Int+3}
   (You bought it in a shop in the Dungeon)

   [ring of positive energy]

   It affects your intelligence (+3).
   It protects you from negative energy.
 Q - the amulet of Dotur {Reflect Str+3 SH+5 Stlth+}
   (You bought it in a shop in the Dungeon)

   [amulet of reflection]

   It shields you and reflects attacks.
   It affects your strength (+3).
   It affects your SH (+5).
   It makes you more stealthy.
 W - the amulet of the Four Winds {rN+ MR+++ Clar}
   (You took it off an orc priest in the Dungeon)

   [amulet of nothing]

   It protects you from negative energy.
   It affects your resistance to hostile enchantments.
   It protects you against confusion.
Scrolls
 p - 5 scrolls of remove curse
 u - a scroll of identify
 M - a scroll of amnesia
Potions
 e - 3 potions of haste
 h - 21 potions of magic
 n - a potion of cancellation
 t - a potion of agility
 v - a potion of curing
 w - 2 potions of resistance
 x - a potion of brilliance
 A - 9 potions of flight
 J - 3 potions of heal wounds
 P - 3 potions of mutation
Miscellaneous
 a - a phial of floods
 q - a sack of spiders
 D - a fan of gales
 O - a lamp of fire
Comestibles
 d - 2 rations


   Skills:
 + Level 16.4 Fighting
 - Level 14.6 Armour
 - Level 5.7 Dodging
 - Level 1.0 Stealth
 - Level 15.0 Shields
 + Level 24.5 Unarmed Combat
 - Level 3.0 Spellcasting
 - Level 2.8 Conjurations
   Level 0.6 Summonings
 - Level 3.0 Translocations
 - Level 2.5 Fire Magic
 - Level 2.3 Air Magic
 - Level 2.5 Poison Magic
 - Level 4.4 Evocations


You had one spell level left.
You knew the following spells:

 Your Spells              Type           Power        Failure   Level  Hunger
a - Magic Dart            Conj           ####         1%          1    None
b - Blink                 Tloc           N/A          1%          2    #......
c - Conjure Flame         Conj/Fire      #####...     1%          3    ##.....
d - Confusing Touch       Hex            ###...       1%          1    None
e - Mephitic Cloud        Conj/Pois/Air  #####...     1%          3    ##.....
i - Ice Form              Ice/Tmut       ###.....     14%         4    ####...
n - Ignite Poison         Fire/Tmut/Pois ####....     2%          3    ##.....
s - Swiftness             Chrm/Air       ####....     1%          2    #......


Dungeon Overview and Level Annotations

Branches:
Dungeon (1/1)

Altars:
Cheibriados
Dithmenos
Elyvilon
Fedhas
Gozag
Hepliaklqana
Kikubaaqudgha
Makhleb
Nemelex Xobeh
Okawaru
Qazlal
Ru
Sif Muna
Trog
Uskayaw
Vehumet
Wu Jian
Xom
Yredelemnul
Zin
The Shining One
Beogh
Jiyva
Lugonu

Shops:
D !%(?:!?%!([[[[*![((([==:[[*%(=*:=}=[=%:?%?[[*=

Annotations:
D Gloorx Vloq


Innate Abilities, Weirdness & Mutations

You are too large for most types of armour.
You have claws for hands.
Your metabolism is lightning-fast.
You like to eat raw meat.
Your natural rate of healing is unusually fast.
You are covered in fur. (AC +1)
You have very tough skin. (AC +2)
You have a pair of small antennae on your head.
You have large cloven feet.
You have an increased reservoir of magic. (+10% MP)
You are weak. (Str -2)


Message History

* * * LOW HITPOINT WARNING * * *
You feel sick. Gloorx Vloq gestures at you. The foul vapour engulfs you!
You are more poisoned.
You feel your flesh rotting away!
* * * LOW HITPOINT WARNING * * *
Unknown command.
Unknown command.
Unknown command.
Unknown command.
Your extra speed is starting to run out.
* * * LOW HITPOINT WARNING * * *
You feel sick.
Unknown command.
Unknown command.
Unknown command.
Unknown command.
You feel better. The Executioner hits you!
You die...
Your body crumbles into a pile of gold.

###### ################ #§§))#
****▓▓▓**
.'..#∩.∩∩∩'.'..###§1..##▓{,,.z+,,
!#..#######§####@1§&∩.:.▓,,,..▓,,
##'##..####'####§1§§§(..▓,,,.&▓,▓
∩#..'.##§§≈≈≈≈≈##§§§..#'▓▓*§§.▓,.
∩#..###§§§§§§≈§≈##.§..#§.▓▓▓M▓▓▓▓
###.)'≈≈≈§§§≈§§§≈##''##§§1§11.▓0.
..(####≈§§≈≈≈§§§##§^..###§#1§§▓▓▓
..)([≈##≈≈≈§≈≈≈##[≈.....#.#..§▓≈≈
#####≈≈#+++#+++#####.(..#.##..▓▓▓
####≈≈≈.........#..'..^(#..#|.▓[.


You could see Gloorx Vloq and 3 Executioners.

Vanquished Creatures
  the Lernaean hydra (D)
  A curse toe (D)
  2 golden dragons (D)
  A bone dragon (D)
  An electric golem (D)
  A hellephant (D)
  A deep elf blademaster (D)
  A deep elf master archer (D)
  2 sphinxes (D)
  Gastronok (D)
  A kraken (D)
  Kirke (D)
  2 storm dragons (D)
  A frost giant (D)
  A draconian knight (D)
  A draconian shifter (D)
  A cacodemon (D)
  A vampire knight (D)
  Nessos (D)
  A dire elephant (D)
  A crystal guardian (D)
  A fire dragon (D)
  A yaktaur captain (D)
  A deep elf high priest (D)
  A great orb of eyes (D)
  An ice dragon (D)
  An iron elemental (D)
  A centaur warrior (D)
  2 hell hogs (D)
  A death yak (D)
  Sonja (D)
  2 death drakes (D)
  A skeletal warrior (D)
  An iron golem (D)
  2 deep trolls (D)
  3 sixfirhies (D)
  A glowing orange brain (D)
  An orange crystal statue (D)
  An obsidian statue (D)
  3 orc sorcerers (D)
  A harpy (D)
  3 shining eyes (D)
  3 manticores (D)
  An oklob plant (D)
  An ice statue (D)
  3 toenail golems (D)
  An elephant (D)
  A merfolk siren (D)
  An eye of devastation (D)
  2 spiny frogs (D)
  A yaktaur (D)
  A kobold demonologist (D)
  A hornet (D)
  5 polar bears (D)
  3 slime creatures (D)
  2 tyrant leeches (D)
  A blink frog (D)
  5 hippogriffs (D)
  6 flying skulls (D)
  2 redbacks (D)
  2 wyverns (D)
  3 yaks (D)
  3 soldier ants (D)
  2 swamp drakes (D)
  3 black bears (D)
  A necrophage (D)
  4 crocodiles (D)
  2 earth elementals (D)
  9 electric eels (D)
  4 lava snakes (D)
  A jelly (D)
  4 orc priests (D)
  An iron imp (D)
  3 worms (D)
  3 tentacles (D)
139 creatures vanquished.

Vanquished Creatures (others)
  Menkaure (D)
  A crocodile (D)
  11 tentacles (D)
13 creatures vanquished.

Grand Total: 152 creatures vanquished

Notes
Turn   | Place    | Note
-------+----------+-------------------------------------------
     0 | D        | letownia2 the Troll Wizard began the quest for the Orb.
     0 | D        | Reached XP level 1. HP: 16/16 MP: 2/2
     1 | D        | Noticed a hippogriff
     1 | D        | Noticed a hippogriff
     8 | D        | Killed a hippogriff
     8 | D        | Reached skill level 5 in Fighting
     8 | D        | Reached skill level 8 in Unarmed Combat
     8 | D        | Reached XP level 2. HP: 8/35 MP: 4/4
     8 | D        | Reached XP level 3. HP: 10/42 MP: 5/5
     8 | D        | Reached XP level 4. HP: 12/50 MP: 6/6
     8 | D        | Reached XP level 5. HP: 14/57 MP: 7/7
    10 | D        | HP: 3/85 [hippogriff (2)]
    11 | D        | Killed a hippogriff
    11 | D        | Reached skill level 10 in Unarmed Combat
    11 | D        | Reached XP level 6. HP: 4/68 MP: 8/8
    21 | D        | Learned a level 2 spell: Blink
    25 | D        | Learned a level 3 spell: Conjure Flame
    29 | D        | Learned a level 3 spell: Mephitic Cloud
    45 | D        | Reached skill level 1 in Conjurations
    45 | D        | Reached skill level 1 in Translocations
    45 | D        | Reached skill level 1 in Fire Magic
    45 | D        | Reached skill level 1 in Poison Magic
    64 | D        | Killed Menkaure
    95 | D        | Found an iron altar of Okawaru.
    95 | D        | Found an opulent altar of Gozag.
    96 | D        | Found a sparkling altar of Nemelex Xobeh.
    96 | D        | Found a blossoming altar of Fedhas.
    97 | D        | Found a radiant altar of Vehumet.
    97 | D        | Found a burning altar of Makhleb.
    97 | D        | Found a white marble altar of Elyvilon.
    98 | D        | Found a hide-covered altar of Uskayaw.
    98 | D        | Found a corrupted altar of Lugonu.
    98 | D        | Found a shadowy altar of Dithmenos.
   100 | D        | Found a glowing silver altar of Zin.
   100 | D        | Found a bloodstained altar of Trog.
   100 | D        | Found an ancient bone altar of Kikubaaqudgha.
   100 | D        | Found a snail-covered altar of Cheibriados.
   101 | D        | Found a basalt altar of Yredelemnul.
   101 | D        | Found a deep blue altar of Sif Muna.
   101 | D        | Found a viscous altar of Jiyva.
   102 | D        | Found a shimmering altar of Xom.
   102 | D        | Found a sacrificial altar of Ru.
   103 | D        | Found a glowing golden altar of the Shining One.
   103 | D        | Found an ornate altar of the Wu Jian Council.
   103 | D        | Found a stormy altar of Qazlal.
   103 | D        | Found a hazy altar of Hepliaklqana.
   104 | D        | Found a roughly hewn altar of Beogh.
   108 | D        | Became a worshipper of Gozag Ym Sagoz the Greedy
   132 | D        | Found Nihoguh's Gadget Boutique.
   132 | D        | Found Oxeroatu's Jewellery Shop.
   133 | D        | Found Ceomyvisch's Food Shop.
   133 | D        | Found Vawumuru's Weapon Boutique.
   133 | D        | Found Weitudey's Jewellery Shop.
   134 | D        | Found Tayssohy's Jewellery Shop.
   134 | D        | Found Eqaedyeq's Book Boutique.
   134 | D        | Found Kion's Jewellery Boutique.
   134 | D        | Found Yxaenga's Antique Armour Shop.
   135 | D        | Found Hujur's Antique Weapon Boutique.
   135 | D        | Found Yghedill's Antique Armour Boutique.
   135 | D        | Found Hosac's Distillery.
   135 | D        | Noticed a yak
   138 | D        | Found Orickeof's Antique Weapon Boutique.
   138 | D        | Found Vunemaqe's Distillery.
   138 | D        | Noticed a yak
   138 | D        | Noticed a yak
   138 | D        | Noticed an oklob plant
   139 | D        | Found Ketzoit's Book Shoppe.
   139 | D        | Found Heez Buhu's Magic Scroll Boutique.
   139 | D        | Noticed a shining eye
   140 | D        | Noticed a shining eye
   141 | D        | Noticed a shining eye
   146 | D        | Noticed an ice dragon
   157 | D        | Bought a potion of lignification for 42 gold pieces
   161 | D        | Bought a glowing large shield for 172 gold pieces
   196 | D        | Noticed a merfolk siren
   204 | D        | Killed a merfolk siren
   204 | D        | Reached XP level 7. HP: 67/76 MP: 8/10
   219 | D        | Bought an uncursed ring of wizardry for 300 gold pieces
   233 | D        | Noticed a tyrant leech
   233 | D        | Noticed a tyrant leech
   244 | D        | Killed a tyrant leech
   244 | D        | Reached skill level 12 in Unarmed Combat
   255 | D        | Killed a tyrant leech
   255 | D        | Reached XP level 8. HP: 28/84 MP: 4/11
   355 | D        | Noticed a blink frog
   548 | D        | Killed a blink frog
   583 | D        | Noticed a polar bear
   584 | D        | Noticed a hornet
   585 | D        | Noticed a polar bear
   586 | D        | Noticed a polar bear
   590 | D        | Killed a polar bear
   590 | D        | Reached skill level 5 in Shields
   597 | D        | Killed a polar bear
   600 | D        | Killed a polar bear
   607 | D        | Noticed a flying skull
   607 | D        | Noticed a flying skull
   637 | D        | Noticed a flying skull
   708 | D        | Noticed a yaktaur
   723 | D        | Killed a yaktaur
   723 | D        | Reached XP level 9. HP: 92/92 MP: 9/12
   765 | D        | Noticed a kraken
   916 | D        | Killed a kraken
   952 | D        | Reached skill level 1 in Evocations
   952 | D        | Reached XP level 10. HP: 66/100 MP: 7/13
   997 | D        | Noticed an ice statue
  1058 | D        | Bought a scroll of identify for 28 gold pieces
  1058 | D        | Bought a scroll of identify for 28 gold pieces
  1066 | D        | Bought a potion of mutation for 112 gold pieces
  1066 | D        | Bought a potion of berserk rage for 70 gold pieces
  1066 | D        | Gained mutation: You have large cloven feet. [potion of mutation]
  1066 | D        | Gained mutation: You have an increased reservoir of magic. (+10% MP) [potion of mutation]
  1066 | D        | Gained mutation: You have a pair of small antennae on your head. [potion of mutation]
  1130 | D        | Noticed a death drake
  1153 | D        | Killed a death drake
  1153 | D        | Reached skill level 13 in Unarmed Combat
  1159 | D        | Reached skill level 14 in Unarmed Combat
  1176 | D        | Noticed a death drake
  1177 | D        | Noticed a crystal guardian
  1193 | D        | Killed a crystal guardian
  1193 | D        | Reached skill level 15 in Unarmed Combat
  1278 | D        | Killed a death drake
  1302 | D        | HP: 5/100 [poison (dark miasma)]
  1307 | D        | HP: 2/100 [poison (dark miasma)]
  1319 | D        | Bought a potion of curing for 42 gold pieces
  1495 | D        | Bought a scroll of identify for 28 gold pieces
  1507 | D        | Bought the ring of the Everdark {rElec rPois MR+ Stlth+} for 552 gold pieces
  1708 | D        | Reached skill level 16 in Unarmed Combat
  1787 | D        | Noticed a deep elf master archer
  1932 | D        | Noticed a fire dragon
  1946 | D        | Killed a fire dragon
  2075 | D        | Reached skill level 17 in Unarmed Combat
  2075 | D        | Reached XP level 11. HP: 107/107 MP: 16/16
  2128 | D        | Noticed a deep troll
  2129 | D        | Noticed a deep troll
  2137 | D        | Killed a deep troll
  2171 | D        | Killed a deep troll
  2262 | D        | Noticed a sphinx
  2264 | D        | Noticed a sphinx
  2272 | D        | Killed a sphinx
  2272 | D        | Reached skill level 18 in Unarmed Combat
  2278 | D        | Killed a sphinx
  2360 | D        | Noticed a sixfirhy
  2365 | D        | Noticed a sixfirhy
  2372 | D        | Noticed a sixfirhy
  2380 | D        | Found Yfizususs's Book Shoppe.
  2381 | D        | Found Yqyi's Food Boutique.
  2391 | D        | Found Ocwis's Antique Weapon Boutique.
  2392 | D        | Found Juha's Armour Shoppe.
  2394 | D        | Noticed Nessos
  2407 | D        | Killed Nessos
  2416 | D        | Learned a level 3 spell: Ignite Poison
  2489 | D        | Killed a sixfirhy
  2506 | D        | Killed a sixfirhy
  2513 | D        | Killed a sixfirhy
  2513 | D        | Reached skill level 15 in Shields
  2513 | D        | Reached skill level 19 in Unarmed Combat
  2551 | D        | Noticed Gastronok
  2561 | D        | Killed Gastronok
  2561 | D        | Reached skill level 5 in Dodging
  2561 | D        | Reached XP level 12. HP: 115/115 MP: 11/17
  2576 | D        | Identified a scroll of acquirement
  2589 | D        | Noticed a dire elephant
  2590 | D        | Found the macabre finger necklace {rN+}
  2603 | D        | Killed a dire elephant
  2616 | D        | Paralysed by an orc sorcerer for 5 turns
  2622 | D        | Reached skill level 5 in Armour
  2671 | D        | Got a faintly glowing copper ring
  2686 | D        | Identified Vehumet's Collected Works on Virous Conjuration
  2710 | D        | Identified Vinton's Tome of the Evil Mountains
  2715 | D        | Got an ivory morningstar
  2722 | D        | Identified the +1 morningstar "Kius Xown" {crush, +Rage rF+ Dex-5} (You found it in the Dungeon)
  2728 | D        | Identified the ring "Wibium" {rElec rPois MR+ SInv} (You found it in the Dungeon)
  2886 | D        | Noticed a yellow draconian shifter
  2886 | D        | Noticed a hellephant
  2887 | D        | Noticed Sonja
  2920 | D        | Killed a hellephant
  3191 | D        | Killed Sonja
  3213 | D        | Killed a yellow draconian shifter
  3213 | D        | Reached skill level 10 in Armour
  3250 | D        | Noticed a deep elf blademaster
  3278 | D        | Killed a deep elf blademaster
  3457 | D        | Reached XP level 13. HP: 122/122 MP: 16/18
  3614 | D        | Killed a deep elf master archer
  3815 | D        | Learned a level 2 spell: Swiftness
  3820 | D        | Learned a level 4 spell: Ice Form
  3832 | D        | Got a scintillating iron ring
  3834 | D        | Identified the ring of the Six Seas {MR+ MP+9 Dex+4} (You acquired it in the Dungeon)
  3851 | D        | Noticed an electric golem
  3882 | D        | Killed an electric golem
  3896 | D        | Reached skill level 20 in Unarmed Combat
  4098 | D        | Identified the Catalogue of Fiery Battle Magic
  4103 | D        | Got a warped silver ring
  4111 | D        | Identified the ring of Hadam {Fire Str+4 Dex+5} (You found it in the Dungeon)
  4221 | D        | Noticed Kirke
  4221 | D        | Noticed a storm dragon
  4222 | D        | Noticed a golden dragon
  4223 | D        | Noticed a bone dragon
  4231 | D        | Noticed a frost giant
  4234 | D        | Noticed a cacodemon
  4236 | D        | Killed Kirke
  4243 | D        | Reached skill level 10 in Fighting
  4253 | D        | Killed a bone dragon
  4261 | D        | Killed a storm dragon
  4261 | D        | Reached skill level 21 in Unarmed Combat
  4274 | D        | Killed a golden dragon
  4274 | D        | Reached XP level 14. HP: 60/149 MP: 7/19
  4278 | D        | Killed a frost giant
  4287 | D        | Killed a cacodemon
  4287 | D        | Reached skill level 22 in Unarmed Combat
  4442 | D        | Found Nausm's Food Emporium.
  4442 | D        | Found Zuloerho's Magic Scroll Shop.
  4442 | D        | Found Ipuopaq's Antique Weapon Shop.
  4442 | D        | Found Gaclugif's Food Shoppe.
  4442 | D        | Found Aclykhlegh's Assorted Antiques.
  4443 | D        | Found Riasatt's Antique Armour Shoppe.
  4443 | D        | Found Qurouleg's Antique Weapon Boutique.
  4443 | D        | Found Nyaciurr's Armour Emporium.
  4443 | D        | Found Lawan's General Store.
  4443 | D        | Found Naoheso's Armour Emporium.
  4443 | D        | Found Wami's Assorted Antiques.
  4443 | D        | Found Ubauph's Book Shoppe.
  4446 | D        | Bought a scroll of blinking for 105 gold pieces
  4454 | D        | Bought a faintly glowing golden ring for 105 gold pieces
  4456 | D        | Bought a scroll labeled LIADWOYCEDD for 21 gold pieces
  4460 | D        | Identified the ring of Ekoarikk {rN+ Int+3} (You bought it in a shop in the Dungeon)
  4467 | D        | Bought a ration for 60 gold pieces
  4467 | D        | Bought a ration for 60 gold pieces
  4467 | D        | Bought a ration for 60 gold pieces
  4485 | D        | Bought a scroll of identify for 28 gold pieces
  4486 | D        | Reached XP level 15. HP: 162/162 MP: 20/20
  4491 | D        | Bought 2 potions of berserk rage for 160 gold pieces
  4506 | D        | Bought a potion of flight for 45 gold pieces
  4506 | D        | Bought a potion of haste for 150 gold pieces
  4506 | D        | Bought a potion of haste for 150 gold pieces
  4507 | D        | Bought a potion of agility for 64 gold pieces
  4507 | D        | Bought a potion of heal wounds for 80 gold pieces
  4508 | D        | Bought a potion of heal wounds for 75 gold pieces
  4508 | D        | Bought a potion of curing for 45 gold pieces
  4508 | D        | Bought a potion of curing for 45 gold pieces
  4529 | D        | Found Nyosaij's Magic Scroll Boutique.
  4529 | D        | Found Ystuolev's Food Shoppe.
  4529 | D        | Found Qatwep's Magic Scroll Shop.
  4529 | D        | Found Lywof's Jewellery Boutique.
  4529 | D        | Noticed a storm dragon
  4538 | D        | Killed a storm dragon
  4541 | D        | Noticed a golden dragon
  4553 | D        | Killed a golden dragon
  4553 | D        | Reached skill level 23 in Unarmed Combat
  4577 | D        | Bought the amulet of Dotur {Reflect Str+3 SH+5 Stlth+} for 802 gold pieces
  4637 | D        | Noticed a yellow draconian knight
  4648 | D        | Noticed the 27-headed Lernaean hydra
  4706 | D        | Gained mutation: You are weak. (Str -2) [mutagenic glow]
  5020 | D        | Killed a yellow draconian knight
  5020 | D        | Reached skill level 15 in Fighting
  5078 | D        | Killed the 26-headed Lernaean hydra
  5078 | D        | Reached skill level 24 in Unarmed Combat
  5088 | D        | Identified Sif Muna's Compendium of Battle Magic
  5090 | D        | Found Acluin's Armour Shoppe.
  5100 | D        | Got warped ice dragon scales
  5118 | D        | Identified the +1 ice dragon scales of Conscience {rF- rC++ Int+6} (You found it in the Dungeon)
  5181 | D        | Got an ebony hunting sling
  5182 | D        | Identified the +2 hunting sling "Cono" {venom, rN+ Str+6 Int+3 Stlth-} (You took it off an orc priest in the Dungeon)
  5301 | D        | Learned a level 1 spell: Confusing Touch
  5301 | D        | Got a transparent cloak
  5312 | D        | Identified the +2 cloak "Fiturou" {rElec rF- MR+ Regen+} (You acquired it in the Dungeon)
  5460 | D        | Noticed a curse toe
  5460 | D        | Noticed Gloorx Vloq
  5487 | D        | Noticed an Executioner
  5487 | D        | Noticed an Executioner
  5488 | D        | Killed a curse toe
  5490 | D        | Noticed an Executioner
  5501 | D        | Noticed a greater mummy
  5513 | D        | HP: 8/168 [poisoned by Gloorx Vloq (foul vapour)]
  5514 | D        | HP: 2/167 [poisoned by Gloorx Vloq (foul vapour)]
  5515 | D        | Mangled by an Executioner

Skill      XL: |  1  2  3  4  5  6  7  8  9 10 11 12 13 14 15 |
---------------+----------------------------------------------+-----
Fighting       | 5 6 12 13 16 | 16.4
Unarmed Combat | 8 10 12 17 19 21 22 24 | 24.5
Conjurations   | 2 |  2.8
Translocations | 3 |  3.0
Fire Magic     | 2 |  2.5
Poison Magic   | 2 |  2.5
Spellcasting   | 3 |  3.0
Air Magic      | 2 |  2.3
Shields        | 8 12 13 15 | 15.0
Evocations     | 1 4 |  4.4
Dodging        | 5 |  5.7
Armour         | 13 14 | 14.6
Stealth        | |  1.0
Summonings     | |  0.6

Action                   |  1- 3 |  4- 6 |  7- 9 | 10-12 | 13-15 || total
-------------------------+-------+-------+-------+-------+-------++-------
Melee: Unarmed           |     5 |    15 |    73 |   277 |   306 ||   676
       Punch             |       |     1 |       |       |       ||     1
       Kick              |       |       |       |    49 |   109 ||   158
 Fire: Blowgun           |       |       |       |     4 |    15 ||    19
 Cast: Conjure Flame     |       |       |     6 |    10 |    21 ||    37
       Blink             |       |       |     1 |    10 |     3 ||    14
       Mephitic Cloud    |       |       |     2 |    10 |    16 ||    28
       Magic Dart        |       |       |     1 |       |       ||     1
Invok: Potion Petition   |       |       |       |     5 |     3 ||     8
       Call Merchant     |       |       |       |     5 |     4 ||     9
 Abil: Evoke Berserk Rag |       |       |     1 |     1 |       ||     2
Evoke: Sack of spiders   |       |       |       |     2 |       ||     2
       Phial of floods   |       |       |       |     1 |       ||     1
  Use: Potion            |     1 |       |     2 |    11 |    16 ||    30
       Scroll            |       |       |       |    12 |    16 ||    28
 Stab: Confused          |       |       |     1 |     1 |     1 ||     3
       Sleeping          |       |       |       |     1 |       ||     1
  Eat: Chunk             |       |     6 |       |       |       ||     6
       Ration            |       |       |     1 |     9 |     5 ||    15
Armor: Robe              |     1 |       |     6 |     5 |       ||    12
       Skin              |       |       |       |    11 |       ||    11
       Storm dragon scal |       |       |       |    31 |   131 ||   162
       Swamp dragon scal |       |       |       |       |     7 ||     7
       Ice dragon scales |       |       |       |       |     7 ||     7
Dodge: Dodged            |     3 |     3 |    11 |    48 |    53 ||   118
Block: Large shield      |       |       |    33 |   167 |   208 ||   408
